 Dungeon Crawl Stone Soup version 0.25.1-2-g60ff931df9 (webtiles) character file.

Game seed: 4544916519071825007

119 gruber the Charmwright (level 5, -4/43 HPs)
             Began as a Gnoll Skald on Oct 12, 2020.
             Slain by a sky beast (6 damage)
             ... on level 3 of the Dungeon.
             The game lasted 00:02:46 (2536 turns).

gruber the Charmwright (Gnoll Skald)                Turns: 2536, Time: 00:02:47

Health: -4/43      AC:  4    Str: 13    XL:     5   Next: 3%
Magic:  11/12      EV: 14    Int: 16    God:
Gold:   213        SH:  0    Dex: 15    Spells: 13/14 levels left

rFire    . . .     SeeInvis .   a - +0 spear
rCold    . . .     Gourm    .   (no shield)
rNeg     . . .     Faith    .   b - +0 leather armour
rPois    .         Spirit   .   (no helmet)
rElec    .         Reflect  .   f - +0 cloak
rCorr    .         Harm     .   (no gloves)
MR       .....     Rnd*Tele +   (no boots)
Stlth    ++........             (no amulet)
HPRegen  0.14/turn              i - ring of teleportation (curse)
MPRegen  0.13/turn              o - -4 ring of slaying (curse)

@: infused (expiring)
A: distributed training, fangs 1, strong nose
a: no special abilities


You were on level 3 of the Dungeon.
You were not hungry.

You visited 1 branch of the dungeon, and saw 3 of its levels.

You collected 213 gold pieces.

Inventory:

Hand Weapons
 a - a +0 spear (weapon)
Missiles
 l - 7 datura-tipped darts (quivered)
Armour
 b - a +0 leather armour (worn)
 f - a +0 cloak (worn)
Jewellery
 i - a cursed ring of teleportation (left hand)
 n - an uncursed ring of flight
 o - a cursed -4 ring of slaying (right hand)
 p - a +4 ring of protection {unknown}
Wands
 m - a wand of enslavement (9)
Scrolls
 g - a scroll of noise
 j - 2 scrolls of identify
Potions
 c - a potion of heal wounds {unknown}
 e - 2 potions of curing
 h - a potion of haste {unknown}
Comestibles
 d - 4 rations
 k - 2 chunks of flesh


   Skills:
 + Level 4.7 Fighting
 + Level 1.3 Short Blades
 + Level 1.3 Long Blades
 + Level 1.3 Axes
 + Level 1.3 Maces & Flails
 + Level 4.7 Polearms
 + Level 1.3 Staves
 + Level 1.3 Slings
 + Level 1.3 Bows
 + Level 1.3 Crossbows
 + Level 1.3 Throwing
 + Level 2.8 Armour
 + Level 4.7 Dodging
 + Level 1.3 Stealth
 + Level 1.3 Shields
 + Level 1.3 Unarmed Combat
 + Level 5.1 Spellcasting
 + Level 1.0 Conjurations
 + Level 1.0 Hexes
 + Level 5.5 Charms
 + Level 1.0 Summonings
 + Level 1.0 Necromancy
 + Level 1.0 Translocations
 + Level 1.0 Transmutations
 + Level 1.0 Fire Magic
 + Level 1.0 Ice Magic
 + Level 1.0 Air Magic
 + Level 1.0 Earth Magic
 + Level 1.0 Poison Magic
 + Level 1.4 Invocations
 + Level 1.3 Evocations


You had 13 spell levels left.
You knew the following spells:

 Your Spells              Type           Power        Failure   Level  Hunger
a - Infusion              Chrm           ###.         1%          1    None

Your spell library contained the following spells:

 Spells                   Type           Power        Failure   Level  Hunger
 Song of Slaying          Chrm           ###.....     3%          2    #......
 Shroud of Golubria       Chrm/Tloc      ##....       8%          2    #......
 Ozocubu's Armour         Chrm/Ice       ##......     14%         3    ###....
 Spectral Weapon          Hex/Chrm       ##......     14%         3    ###....
 Ignite Poison            Fire/Tmut/Pois #.......     36%         3    ###....
 Fireball                 Conj/Fire      #.........   98%         5    ######.
 Starburst                Conj/Fire      #.........   100%        6    #######
 Ring of Flames           Chrm/Fire      ##........   100%        7    #######
 Ignition                 Fire           #.........   100%        8    #######


Dungeon Overview and Level Annotations

Branches:
Dungeon (3/15)

Altars:
Gozag
Kikubaaqudgha
Nemelex Xobeh
Uskayaw
Zin

Shops:
D:3 *

Portals:
Abyss: D:3

Annotations:
D:3 1 transporter, Lazav66's ghost, amateur FoFi


Innate Abilities, Weirdness & Mutations

Your experience applies equally to all skills.
You have very sharp teeth.
Your uncanny sense of smell can sniff out nearby items.


Message History

Press: ? - help, Dir - move target cursor, f - you That would be overly suicidal.
Okay, then.
Attack whom?
Press: ? - help, Dir - move target cursor You completely miss something.
Your bite misses something. Something hits you but does no damage.
Unknown command.
Attack whom?
Press: ? - help, Dir - move target cursor You barely miss something.
Your bite misses something. Something hits you but does no damage.
Attack whom?
Press: ? - help, Dir - move target cursor You miss something.
Your magical infusion is running out.
Something hits you.
* * * LOW HITPOINT WARNING * * *
Something shocks you.
You die...

..#......#### #.....#
#.#.##...# #.#.#.#.
#.#.##...######.#.....
.......................
#.#.[###...###########.#
#..........###### #
###.............# .#
###........####.####...#
..##.........##.@{.....#
................##.....#
#.#.....####.##.# .#####
#.#.....# #.##.# .#
#.#.#'### #.##.# .#
..#.#'######.##.# ..
..........##..... ##
...#......#######
.#.#......#


There were no monsters in sight!

Vanquished Creatures
  Jessica (D:2)
  3 adders
  A worm (D:2)
  A dart slug (D:1)
  5 leopard geckos
  5 orcs (D:3)
  6 bats
  5 giant cockroaches
  6 goblins
  3 hobgoblins
  A quokka (D:2)
  7 frilled lizards
  3 kobolds
  7 rats
54 creatures vanquished.

Notes
Turn   | Place    | Note
-------+----------+-------------------------------------------
     0 | D:1      | gruber the Gnoll Skald began the quest for the Orb.
     0 | D:1      | Reached XP level 1. HP: 20/20 MP: 6/6
   220 | D:1      | Reached XP level 2. HP: 26/26 MP: 7/7
   891 | D:2      | Found a hide-covered altar of Uskayaw.
   892 | D:2      | Noticed a +0 dagger
   892 | D:2      | Noticed a +0 hand axe
   902 | D:2      | Noticed Jessica
   930 | D:2      | Killed Jessica
   930 | D:2      | Reached skill level 5 in Spellcasting
   930 | D:2      | Reached skill level 1 in Invocations
   930 | D:2      | Reached XP level 3. HP: 7/31 MP: 0/9
   990 | D:2      | Reached skill level 1 in Short Blades
   990 | D:2      | Reached skill level 1 in Long Blades
   990 | D:2      | Reached skill level 1 in Axes
   990 | D:2      | Reached skill level 1 in Maces & Flails
   990 | D:2      | Reached skill level 1 in Staves
   990 | D:2      | Reached skill level 1 in Slings
   990 | D:2      | Reached skill level 1 in Bows
   990 | D:2      | Reached skill level 1 in Crossbows
   990 | D:2      | Reached skill level 1 in Throwing
   990 | D:2      | Reached skill level 1 in Stealth
   990 | D:2      | Reached skill level 1 in Shields
   990 | D:2      | Reached skill level 1 in Unarmed Combat
   990 | D:2      | Reached skill level 1 in Evocations
  1197 | D:2      | Found an ancient bone altar of Kikubaaqudgha.
  1238 | D:2      | Found an opulent altar of Gozag.
  1239 | D:2      | Found a sparkling altar of Nemelex Xobeh.
  1248 | D:2      | Reached XP level 4. HP: 37/38 MP: 11/11
  1873 | D:3      | Found Zin's Purification Station.
  1874 | D:3      | Found a glowing silver altar of Zin.
  1916 | D:3      | Reached skill level 1 in Conjurations
  1916 | D:3      | Reached skill level 1 in Hexes
  1916 | D:3      | Reached skill level 1 in Summonings
  1916 | D:3      | Reached skill level 1 in Necromancy
  1916 | D:3      | Reached skill level 1 in Translocations
  1916 | D:3      | Reached skill level 1 in Transmutations
  1916 | D:3      | Reached skill level 1 in Fire Magic
  1916 | D:3      | Reached skill level 1 in Ice Magic
  1916 | D:3      | Reached skill level 1 in Air Magic
  1916 | D:3      | Reached skill level 1 in Earth Magic
  1916 | D:3      | Reached skill level 1 in Poison Magic
  2035 | D:3      | Identified the +10 whip of the Bespelling Hero {distort,
                  | +Rage rF+}
  2035 | D:3      | Noticed a big kobold
  2039 | D:3      | Found a transporter.
  2042 | D:3      | Noticed Lazav66's ghost (amateur FoFi)
  2043 | D:3      | Found a one-way gate to the infinite horrors of the Abyss.
  2044 | D:3      | Noticed a small abomination
  2047 | D:3      | Noticed a small abomination
  2049 | D:3      | Noticed a small abomination
  2271 | D:3      | Reached XP level 5. HP: 40/43 MP: 12/12
  2519 | D:3      | Noticed a sky beast
  2533 | D:3      | HP: 2/43 [something (6)]
  2536 | D:3      | Slain by a sky beast

Illustrated notes

Levels and vault maps discovered:
D:1:      eino_arrival_cavern_a, layout_loops_ring, kennysheep_minor_cross
D:2:      layout_basic, grunt_temple_overflow_opulence, marbit_many_paths,
          dancing_weapons_uskayaw, minmay_lizard_pond, uniq_jessica
D:3:      layout_basic, zin_purify, gammafunk_ghost_abyssal_escape

Skill      XL: |  1  2  3  4 |
---------------+-------------+-----
Spellcasting   | 5 |  5.1
Invocations    | 1 |  1.4
Short Blades   | 1 |  1.3
Long Blades    | 1 |  1.3
Axes           | 1 |  1.3
Maces & Flails | 1 |  1.3
Staves         | 1 |  1.3
Slings         | 1 |  1.3
Bows           | 1 |  1.3
Crossbows      | 1 |  1.3
Throwing       | 1 |  1.3
Stealth        | 1 |  1.3
Shields        | 1 |  1.3
Unarmed Combat | 1 |  1.3
Evocations     | 1 |  1.3
Conjurations   | 1 |  1.0
Hexes          | 1 |  1.0
Summonings     | 1 |  1.0
Necromancy     | 1 |  1.0
Translocations | 1 |  1.0
Transmutations | 1 |  1.0
Fire Magic     | 1 |  1.0
Ice Magic      | 1 |  1.0
Air Magic      | 1 |  1.0
Earth Magic    | 1 |  1.0
Poison Magic   | 1 |  1.0
Fighting       | |  4.7
Polearms       | |  4.7
Armour         | |  2.8
Dodging        | |  4.7
Charms         | |  5.5

Action                   |  1- 3 |  4- 6 || total
-------------------------+-------+-------++-------
Melee: Spear             |    63 |   175 ||   238
       Bite              |     3 |    18 ||    21
 Cast: Infusion          |     3 |     6 ||     9
  Use: Scroll            |     2 |     2 ||     4
 Stab: Sleeping          |     4 |     1 ||     5
  Eat: Chunk             |     1 |     4 ||     5
Armor: Leather armour    |    10 |    28 ||    38
Dodge: Dodged            |    27 |    80 ||   107
